 Dungeon Crawl Stone Soup version 0.26.1-10-gdfb7c7de75 (webtiles) character file.

Game seed: 2160551506927615514

257 Revguard the Slasher (level 5, -10/39 HPs)
             Began as a Demonspawn Gladiator on Apr 5, 2021.
             Mangled by a gnoll
             ... wielding a +0 vampiric halberd
              (12 damage)
             ... on level 3 of the Dungeon.
             The game lasted 00:08:43 (3579 turns).

Revguard the Slasher (Demonspawn Gladiator)         Turns: 3579, Time: 00:08:43

Health: -10/39     AC:  9    Str: 14    XL:     5   Next: 93%
Magic:  5/5        EV:  6    Int: 10    God:
Gold:   209        SH:  0    Dex: 15    Spells: 4/4 levels left

rFire    + . .     SeeInvis .   a - +1 long sword
rCold    . . .     Faith    .   (no shield)
rNeg     . . .     Spirit   .   f - +1 scale mail
rPois    .         Reflect  .   (helmet restricted)
rElec    .         Harm     .   (no cloak)
rCorr    .         Rampage  .   (no gloves)
Will     .....                  (no boots)
Stlth    ..........             (no amulet)
HPRegen  0.13/turn              (no ring)
MPRegen  0.09/turn              (no ring)

@: held
A: antennae 1, slimy green scales 1, fire resistance 1
a: no special abilities


You were on level 3 of the Dungeon.
You visited 1 branch of the dungeon, and saw 3 of its levels.

You collected 209 gold pieces.

Inventory:

Hand Weapons
 a - a +1 long sword (weapon)
Missiles
 d - a throwing net (quivered)
Armour
 b - a +0 leather armour
 c - a +0 helmet
 f - a +1 scale mail (worn)
Jewellery
 t - a +6 ring of intelligence
Wands
 u - a wand of random effects (11)
 v - a wand of iceblast (11)
Scrolls
 e - a scroll of remove curse
 h - a scroll of enchant armour
 j - a scroll of amnesia
Potions
 g - a potion of cancellation {unknown}
 k - 2 potions of curing
 m - 4 potions of mutation {unknown}
 p - 2 potions of lignification {unknown}
 r - a potion of degeneration {unknown}


   Skills:
 + Level 2.6 Fighting
 + Level 4.4 Long Blades
 + Level 2.0 Throwing
 + Level 2.3 Armour
 + Level 3.5 Dodging
 * Level 0.4 Spellcasting


You had 4 spell levels left.
You didn't know any spells.
Your spell library was empty.

Dungeon Overview and Level Annotations

Branches:
Dungeon (3/15)

Altars:
Vehumet

Annotations:
D:3 1 transporter, philipeq's ghost, weakling DsMo


Innate Abilities, Weirdness & Mutations

You have a pair of small antennae on your head.
You are partially covered in slimy green scales. (AC +2)
Your flesh is heat resistant. (rF+)


Message History

* * * LOW HITPOINT WARNING * * *
The gnoll struggles against the net.
The gnoll hits you but does no damage.
You slash the gnoll!
The gnoll is severely wounded.
The gnoll throws a throwing net.
The throwing net hits you.
You become entangled in the net!
The gnoll struggles against the net.
The gnoll hits you but does no damage.
The gnoll struggles against the net.
The net rips apart, and the gnoll comes free!
You struggle against the net.
Philipeq's ghost hits you.
* * * LOW HITPOINT WARNING * * *
The gnoll hits you but does no damage. The gnoll barely misses you.
You feel better. The gnoll completely misses you.
You riposte.
You slash the gnoll!
The gnoll is heavily wounded.
Philipeq's ghost hits you.
* * * LOW HITPOINT WARNING * * *
The gnoll hits you with a +0 club.
* * * LOW HITPOINT WARNING * * *
The gnoll hits you from afar with a +0 vampiric halberd!
You die...

..####..≈≈≈≈≈≈≈≈≈≈≈...≈≈≈≈≈≈≈≈≈≈≈
........≈≈≈≈≈≈≈≈≈≈≈...≈≈≈≈≈≈≈≈≈≈≈
........≈≈#####...........#####≈≈
........≈≈#...#.###.©.###.#..g#≈≈
........≈≈#...###.#####.###...#≈≈
........≈≈###g.......g......###≈≈
........≈≈.8#.######'######.#8.≈≈
#.......≈≈.##.#.gg#..8# ..#.##.≈≈
#.......≈≈.#..g.@g).©⌠# .ggW#.≈≈
#.......≈≈.##.#.⌠W#..8# #.##.≈≈
..####..≈≈.8#.######'######.#8.≈≈
.## ##.≈≈###...............###≈≈
.# #.≈≈#...###©#####g###.gg#≈≈ .#
#.≈≈#...#.###.©.###.#..g#≈≈ .#
#.≈≈#####...........#####≈≈ .#
#.≈≈≈≈≈≈≈≈≈≈≈≈≈≈≈≈≈≈≈≈≈≈≈≈≈ .#
#.≈≈≈≈≈≈≈≈≈≈≈≈≈≈≈≈≈≈≈≈≈≈≈≈≈


You could see philipeq's ghost and 4 gnolls.

Vanquished Creatures
  A worker ant (D:3)
  8 gnolls (D:3)
  7 adders
  An ooze (D:3)
  A worm (D:2)
  2 dart slugs (D:2)
  7 leopard geckos
  5 orcs (D:3)
  9 bats
  2 giant cockroaches
  5 goblins
  5 hobgoblins
  4 jackals (D:1)
  A quokka (D:2)
  2 ball pythons
  4 frilled lizards
  10 kobolds
  5 rats
79 creatures vanquished.

Vanquished Creatures (others)
  6 plants (D:3)
6 creatures vanquished.

Grand Total: 85 creatures vanquished

Notes
Turn   | Place    | Note
-------+----------+-------------------------------------------
     0 | D:1      | Revguard the Demonspawn Gladiator began the quest for the
                  | Orb.
     0 | D:1      | Reached XP level 1. HP: 16/16 MP: 1/1
   143 | D:1      | Gained mutation: You have a pair of small antennae on your
                  | head. [demonic ancestry]
   143 | D:1      | Reached XP level 2. HP: 10/22 MP: 2/2
   643 | D:1      | Reached skill level 3 in Long Blades
  1046 | D:1      | Gained mutation: Your flesh is heat resistant. (rF+)
                  | [demonic ancestry]
  1046 | D:1      | Reached XP level 3. HP: 27/27 MP: 3/3
  1331 | D:2      | Reached skill level 1 in Armour
  1415 | D:2      | Reached XP level 4. HP: 27/34 MP: 4/4
  2272 | D:3      | Reached skill level 4 in Long Blades
  2272 | D:3      | Gained mutation: You are partially covered in slimy green
                  | scales. (AC +2) [demonic ancestry]
  2272 | D:3      | Reached XP level 5. HP: 11/39 MP: 5/5
  2627 | D:3      | Found a radiant altar of Vehumet.
  3051 | D:3      | Found a transporter.
  3075 | D:3      | Noticed philipeq's ghost (weakling DsMo)
  3094 | D:3      | Found a transporter.
  3579 | D:3      | Mangled by a gnoll

Illustrated notes

Levels and vault maps discovered:
D:1:      minmay_arrival_four_houses, layout_basic, st_stairs_2
D:2:      layout_loops_ring, nicolae_overflow_hidden_temple,
          kennysheep_generic_room_12
D:3:      layout_basic, overflow_temple_1_default,
          gammafunk_ghost_gnarly_gnolls, minmay_ruptured

Skill      XL: |  1  2  3  4  5 |
---------------+----------------+-----
Dodging        | 3 |  3.5
Long Blades    | 3 4 |  4.4
Armour         | 1 2 |  2.3
Throwing       | 2 |  2.0
Fighting       | |  2.6
Spellcasting   | |  0.4

Action                   |  1- 3 |  4- 6 || total
-------------------------+-------+-------++-------
Melee: Long sword        |   104 |   154 ||   258
Throw: Throwing net      |       |     4 ||     4
  Use: Scroll            |       |     9 ||     9
       Potion            |       |     2 ||     2
 Stab: Held in net/web   |       |     2 ||     2
Armor: Scale mail        |   106 |    72 ||   178
Dodge: Dodged            |   128 |   116 ||   244
       Rpst.: Long sword |    43 |    35 ||    78
